 Dungeon Crawl Stone Soup version 0.29.1-15-g9cfb28693d (webtiles) character file.

Game seed: 7877064273480380879

104 leafyfresh the Sneak (level 4, -6/33 HPs)
             Began as an Octopode Delver on Mar 10, 2023.
             Mangled by an orc warrior
             ... wielding a +0 scimitar of electrocution
              (14 damage)
             ... on level 3 of the Dungeon.
             The game lasted 00:01:14 (1611 turns).

leafyfresh the Sneak (Octopode Delver)              Turns: 1611, Time: 00:01:14

Health: -6/33      AC:  1    Str: 11    XL:     4   Next: 80%
Magic:  4/4        EV: 14    Int: 14    God:
Gold:   49         SH:  0    Dex: 13    Spells: 2/3 levels left

rFire   . . .      SeeInvis .   a - +0 short sword
rCold   . . .      Faith    .   (no shield)
rNeg    . . .      Spirit   .   (helmet restricted)
rPois   .          Reflect  .   (no amulet)
rElec   .          Harm     .   (no ring)
rCorr   .          Rampage  .   (no ring)
Will    .....                   (no ring)
Stlth   +++++.....              (no ring)
HPRegen 0.11/turn               (no ring)
MPRegen 0.09/turn               (no ring)
                                (no ring)
                                (no ring)

@: no status effects
A: almost no armour, amphibious, 8 rings, camouflage 1, gelatinous body 1,
(nimble swimmer 1), tentacles
a: no special abilities


You were on level 3 of the Dungeon.
You visited 1 branch of the dungeon, and saw 3 of its levels.

You collected 49 gold pieces.

Inventory:

Hand Weapons
 a - a +0 short sword (weapon)
Wands
 f - a wand of digging (3)
Scrolls
 b - a scroll of fog
 c - a scroll of magic mapping
 d - a scroll of teleportation {unknown}
 h - 2 scrolls of identify {unknown}
 i - a scroll of enchant armour {unknown}
Potions
 e - 5 potions of haste
 g - a potion of lignification {unknown}


   Skills:
 + Level 3.9 Fighting
 - Level 2.0 Short Blades
 + Level 3.1 Dodging
 + Level 7.6 Stealth


You had 2 spell levels left.
You knew the following spells:

 Your Spells              Type           Power      Damage    Failure   Level
a - Shock                 Conj/Air       0%         1d3       28%         1

Your spell library contained the following spells:

 Spells                   Type           Power      Damage    Failure   Level
 Swiftness                Air            0%         N/A       65%         3
 Airstrike                Air            0%         2d(0-16)  96%         4


Dungeon Overview and Level Annotations

Branches:
Dungeon (5/15)
 Temple: D:4-7

Altars:
Gozag
Xom

Shops:
D:3 !   D:5 *


Innate Abilities, Weirdness & Mutations

You cannot wear most types of armour.
You are amphibious.
You can wear up to eight rings at the same time.
Your skin changes colour to match your surroundings (Stealth+).
Your rubbery body absorbs attacks. (AC +1, EV +1)
((You are camouflaged when in or above water. (Stealth+)))
You have tentacles for arms and can constrict up to eight enemies at once.


Message History

You kill the kobold!
You see here a +0 short sword.
An orc and a kobold come into view.
There are monsters nearby!
There are monsters nearby!
The helpless kobold fails to defend itself.
You puncture the kobold!
You kill the kobold!
An orc is nearby!
The helpless orc fails to defend itself.
You impale the orc!!
You kill the orc!
You now have 49 gold pieces (gained 25).
An orc warrior comes into view.
It is wielding a +0 scimitar of electrocution.
The helpless orc warrior fails to defend itself.
You puncture the orc warrior! You grab the orc warrior.
You squeeze the orc warrior, but do no damage.
The orc warrior is severely wounded.
You constrict the orc warrior, but do no damage.
The orc warrior misses you.
An orc warrior is nearby!
You hit the orc warrior but do no damage.
The orc warrior is severely wounded.
You constrict the orc warrior, but do no damage.
The orc warrior hits you with a +0 scimitar of electrocution.
An orc warrior is nearby!
You hit the orc warrior but do no damage.
The orc warrior is severely wounded.
You constrict the orc warrior, but do no damage.
The orc warrior closely misses you.
An orc warrior is nearby!
You hit the orc warrior but do no damage.
You squeeze the orc warrior.
The orc warrior is severely wounded.
You constrict the orc warrior.
The orc warrior hits you with a +0 scimitar of electrocution!!
Ouch! That really hurt!
* * * LOW HITPOINT WARNING * * *
You are electrocuted!
You die...

#..#..#†#####.##
#..###..#.#...##
##..##.##..###.##
#..##..)##..##.####
#.##....)##.##.....
#..##...##..#######
##..##.##..##
#o#..#.#..#†#######
#@#.....#.##......
#.#.#...#.#)#######
#############


You could see an orc warrior.

Vanquished Creatures
  A jelly (D:5)
  3 adders
  A gnoll (D:5)
  4 dart slugs
  An orc (D:3)
  A ball python (D:3)
  4 endoplasms
  2 goblins (D:3)
  3 hobgoblins (D:3)
  A quokka (D:5)
  2 bats (D:3)
  3 frilled lizards (D:3)
  3 kobolds (D:3)
  2 rats (D:3)
31 creatures vanquished.

Vanquished Creatures (others)
  5 fungi (D:4)
5 creatures vanquished.

Grand Total: 36 creatures vanquished

Notes
Turn   | Place    | Note
-------+----------+-------------------------------------------
     0 | D:5      | leafyfresh the Octopode Delver began the quest for the Orb.
     0 | D:5      | Reached XP level 1. HP: 16/16 MP: 1/1
   130 | D:5      | Reached XP level 2. HP: 21/21 MP: 2/2
   193 | D:5      | Found Zuorchaaq's General Store.
   201 | D:5      | Reached skill level 7 in Stealth
   201 | D:5      | Reached XP level 3. HP: 26/26 MP: 3/3
   203 | D:5      | Learned a level 1 spell: Shock
   207 | D:5      | HP: 1/26 [gnoll/+0 club[a gnoll bouda] (9)]
   721 | D:5      | Noticed an ice beast
   775 | D:3      | Reached XP level 4. HP: 23/33 MP: 4/4
   863 | D:3      | Found an opulent altar of Gozag.
  1121 | D:3      | Found a shimmering altar of Xom.
  1454 | D:3      | Found Zir Osah's Distillery.
  1607 | D:3      | Noticed an orc warrior
  1611 | D:3      | Mangled by an orc warrior

Illustrated notes

Levels and vault maps discovered:
D:3:      minmay_diamond_boxcup, layout_loops_ring,
          mainiacjoe_overflow_tiny_flanked, xom_teletrap_fun, serial_shops,
          shop, serial_bayou_pond_d, minmay_misc_feat_nine_boxes, st_stairs_6,
          minmay_misc_feat_four_crosses
D:4:      layout_basic, serial_aquarium, aquarium_bridge_straight
          [aquarium_subvault_bridge, aquarium_subvault_wall,
          aquarium_subvault_bridge, aquarium_subvault_wall],
          aquarium_bridge_square [aquarium_subvault_bridge,
          aquarium_subvault_bridge, aquarium_subvault_bridge,
          aquarium_subvault_wall], aquarium_window_corner, aquarium_window_fake,
          aquarium_view_2g, aquarium_view_2c, aquarium_balcony_1a,
          hangedman_abyss_or_decor_passed, uniq_menkaure
D:5:      layout_loops_ring, minmay_temple_entry_statues_fountains,
          nicolae_take_the_stairs

Skill      XL: |  1  2  3  4 |
---------------+-------------+-----
Stealth        | 7 |  7.6
Dodging        | 3 |  3.1
Fighting       | |  3.9
Short Blades   | |  2.0

Action                   |  1- 3 |  4- 6 || total
-------------------------+-------+-------++-------
Melee: Short sword       |    16 |    39 ||    55
       Constrict         |     2 |     8 ||    10
       Tentacles         |     1 |     5 ||     6
       Punch             |       |     2 ||     2
  Use: Scroll            |     1 |       ||     1
 Stab: Sleeping          |     6 |    12 ||    18
Armor: Skin              |       |     3 ||     3
Dodge: Dodged            |     3 |    21 ||    24
